AoeStats
← Bzm_JöNTüRK

Arena

510835790Analyzed
4v4 RM · 24h ago on Oct 2, 2026· 32m 52s· 8 players
Game mode
Random Map
Map size
Large (8 player)
Population
200
Speed
Normal
Resources
Standard
Victory
Conquest
Starting age
Dark Age
Ending age
Imperial Age
RankedLock teamsTeams togetherTeam positionsShared explorationLock speedFull tech treeHidden civsTurbo modeCheats
Victory
Defeat
🇹🇷 Khmer · Türkiye
1619
+13
🇹🇷 Turks · Türkiye
1609
+13
🇹🇷 Teutons · Türkiye
1592
+14
🇹🇷 Italians · Türkiye
1471
+20
🇨🇳 Bulgarians · China
1564
-16
🇩🇪 Goths · Germany
1560
-15
🇺🇸 Varangians · United States
1551
-15
🇲🇽 Saxons · Mexico
1519
-14
Hommi
11:40 Feudal Age
15:23 Castle Age
13:19 Double-Bit Axe
13:16 Horse Collar
15:22 Loom
17:02 Wheelbarrow
22:29 Scale Mail Armor
25:51 Hand Cart
26:47 Bow Saw
28:20 Chain Mail Armor
28:44 Squires
31:32 Forging
32:44 Anarchy
ashleylynn
10:24 Feudal Age
14:12 Castle Age
12:28 Horse Collar
13:46 Double-Bit Axe
17:41 Scale Barding Armor
20:27 Bloodlines
22:12 Forging
23:58 Chain Barding Armor
25:12 Town Watch
26:26 Iron Casting
27:30 Husbandry
32:17 Wheelbarrow
Ferpo
0:27 Loom
7:14 Loom
9:33 Feudal Age
13:43 Castle Age
Long-Long-Way
11:18 Feudal Age
15:07 Castle Age
13:54 Loom
17:34 Double-Bit Axe
18:10 Town Watch
19:23 Bow Saw
22:14 Horse Collar
23:36 Fletching
24:02 Bodkin Arrow
24:04 Gold Mining
25:22 Padded Archer Armor
26:22 Ballistics
27:12 Gold Shaft Mining
27:16 Leather Archer Armor
28:17 Wheelbarrow
28:54 Thumb Ring
29:37 Elite Skirmisher
WarPrince
11:00 Feudal Age
14:53 Castle Age
12:53 Double-Bit Axe
19:48 Imperial Age
17:30 Double-Bit Axe
18:14 Horse Collar
18:25 Gold Mining
19:05 Padded Archer Armor
20:47 Bow Saw
26:11 Loom
29:31 Wheelbarrow
31:45 Hand Cart
33:06 Leather Archer Armor
Bzm_Cordobez
5:31 Loom
8:50 Feudal Age
10:03 Fletching
16:20 Horse Collar
17:50 Double-Bit Axe
26:21 Castle Age
27:45 Bow Saw
28:33 Wheelbarrow
28:13 Gold Mining
28:13 Stone Mining
31:58 Heavy Plow
Bzm_Kuvâ-yi Milliye
8:29 Feudal Age
8:58 Double-Bit Axe
9:45 Horse Collar
16:53 Forging
16:49 Scale Barding Armor
20:04 Castle Age
18:19 Gold Mining
19:03 Bloodlines
21:06 Bow Saw
20:57 Heavy Plow
21:03 Light Cavalry
21:44 Husbandry
22:39 Wheelbarrow
21:49 Town Watch
24:52 Iron Casting
25:33 Gold Shaft Mining
25:16 Stone Mining
26:48 Hand Cart
31:00 Imperial Age
29:22 Chain Barding Armor
29:26 Loom
30:54 Stone Shaft Mining
31:04 Elite Battle Elephant
33:08 Blast Furnace
32:56 Plate Barding Armor
Bzm_JöNTüRK
10:04 Feudal Age
14:11 Castle Age
12:59 Double-Bit Axe
13:57 Horse Collar
16:44 Fletching
19:50 Padded Archer Armor
20:02 Bodkin Arrow
20:56 Padded Archer Armor
30:35 Leather Archer Armor
30:49 Ballistics
Connection lost

Rejoining the realm…

Still unreachable

The connection could not be restored.

Session expired

The server has moved on; the page needs a fresh start.